 Dungeon Crawl Stone Soup version 0.28-a0-1624-g820543e53a (webtiles) character file.

Game seed: 9707310778831040075

123 HallandMoats the Skirmisher (level 5, -1/46 HPs)
             Began as a Ghoul Fighter on Jan 24, 2022.
             Was a Believer of Wu Jian.
             Slain by a goblin (8 damage)
             ... led by Robin
             ... on level 3 of the Dungeon.
             The game lasted 00:01:53 (2842 turns).

HallandMoats the Skirmisher (Ghoul Fighter)         Turns: 2842, Time: 00:01:54

Health: -1/46      AC:  6    Str: 20    XL:     5   Next: 7%
Magic:  5/5        EV:  9    Int:  5    God:    Wu Jian [**....]
Gold:   65         SH:  4    Dex:  8    Spells: 4/4 levels left

rFire   . . .      SeeInvis .     - Unarmed
rCold   + . .      Faith    .   b - +0 buckler
rNeg    + + +      Spirit   .   a - +0 scale mail
rPois   ∞          Reflect  .   (no helmet)
rElec   .          Harm     .   (no cloak)
rCorr   .          Rampage  .   (no gloves)
Will    .....                   (no boots)
Stlth   ..........              (no amulet)
HPRegen 0.00/turn               (no ring)
MPRegen 0.09/turn               (no ring)

@: inhibited regen
A: claws 1, cold resistance 1, negative energy resistance 3, inhibited
regeneration, torment resistance 2
a: Renounce Religion, Wall Jump


You were on level 3 of the Dungeon.
You worshipped Wu Jian.
Wu Jian was pleased with you.
You visited 1 branch of the dungeon, and saw 3 of its levels.

You collected 65 gold pieces.

Inventory:

Missiles
 d - a throwing net (quivered)
Armour
 a - a +0 scale mail (worn)
 b - a +0 buckler (worn)
Jewellery
 n - an amulet of the acrobat
Wands
 o - a wand of acid (5)
Scrolls
 g - a scroll of noise {unknown}
 h - a scroll of identify {unknown}
 j - a scroll of fear {unknown}
 m - a scroll of teleportation {unknown}
Potions
 c - a potion of might
 e - 2 potions of heal wounds {unknown}
 f - a potion of brilliance {unknown}
 i - 4 potions of curing
 k - a potion of berserk rage {unknown}
 l - a potion of attraction {unknown}
 p - a potion of lignification {unknown}
 q - a potion of mutation {unknown}


   Skills:
 * Level 4.2 Fighting
 + Level 3.1 Armour
 + Level 1.2 Dodging
 + Level 3.2 Shields
 - Level 2.1 Unarmed Combat
 * Level 2.4 Invocations


You had 4 spell levels left.
You didn't know any spells.
Your spell library contained the following spells:

 Spells                   Type           Power      Damage    Failure   Level
 Slow                     Hex            0%         N/A       89%         1
 Confusing Touch          Hex            0%         N/A       99%         3
 Vampiric Draining        Necr           0%         2d6       99%         3


Dungeon Overview and Level Annotations

Branches:
Dungeon (3/15)

Altars:
Wu Jian

Annotations:
D:3 Robin


Innate Abilities, Weirdness & Mutations

You thrive by killing the living.
You are immune to poison.
You have sharp fingernails.
Your flesh is cold resistant. (rC+)
You are immune to negative energy. (rN+++)
You do not regenerate when monsters are visible.
You are immune to unholy pain and torment.


Message History

You scratch Robin.
Robin is heavily wounded.
Robin hits you with a +0 short sword. The goblin hits you but does no damage.
You scratch Robin.
Robin is severely wounded.
Robin throws the goblin at you! The goblin completely misses you.
You closely miss Robin.
Robin is severely wounded.
The goblin closely misses you. Robin hits you with a +0 short sword.
The goblin closely misses you.
You scratch Robin but do no damage.
Robin is severely wounded.
The goblin hits you but does no damage.
Robin drinks a potion.
Robin is healed!
The goblin hits you but does no damage.
You barely miss Robin.
Robin is lightly wounded.
The goblin no longer looks unusually strong.
The goblin hits you but does no damage.
Robin roars a battlecry!
The goblin goes into a battle-frenzy!
The goblin barely misses you.
You scratch Robin.
Robin is moderately wounded.
You block the goblin's attack. The goblin hits you with a +3 dagger.
You block Robin's attack.
You barely miss Robin.
Robin is moderately wounded.
The goblin hits you but does no damage. The goblin hits you with a +3 dagger.
Robin barely misses you.
You barely miss Robin.
Robin is moderately wounded.
The goblin hits you with a +0 club. You block Robin's attack.
The goblin hits you with a +3 dagger!
* * * LOW HITPOINT WARNING * * *
You scratch Robin.
Robin is heavily wounded.
The goblin hits you with a +0 club.
* * * LOW HITPOINT WARNING * * *
Robin closely misses you. The goblin hits you with a +3 dagger!
You die...

###...## #.# ....#..#
#.# #.# #......# #.# #.#
.....#.# #.# #.#
.....#.# #.# #.#
.....#.# #.# #.#
#.>..#.# #.# #.#
.......##########g####.#
##.#...>.......g@g.....#
#.################### #$
#g #. #g ..


You could see Robin and 2 goblins.

Vanquished Creatures
  5 adders (D:2)
  2 worms
  2 dart slugs
  6 bats
  7 endoplasms
  3 giant cockroaches
  5 hobgoblins
  9 jackals
  4 quokkas
  5 ball pythons
  A frilled lizard (D:1)
  4 goblins
  6 kobolds
59 creatures vanquished.

Notes
Turn   | Place    | Note
-------+----------+-------------------------------------------
     0 | D:1      | HallandMoats the Ghoul Fighter began the quest for the Orb.
     0 | D:1      | Reached XP level 1. HP: 19/19 MP: 0/0
    30 | D:1      | Found a faded altar of an unknown god.
    50 | D:1      | Prayed at the altar of an unknown god.
    50 | D:1      | Became a worshipper of the Wu Jian Council
    50 | D:1      | Reached * piety under Wu Jian
   236 | D:1      | Reached XP level 2. HP: 22/26 MP: 1/1
   336 | D:1      | Reached skill level 1 in Invocations
  1369 | D:2      | Reached XP level 3. HP: 30/33 MP: 3/3
  1630 | D:2      | Reached ** piety under Wu Jian
  1635 | D:2      | Reached skill level 4 in Fighting
  1635 | D:2      | Reached XP level 4. HP: 24/40 MP: 4/4
  2015 | D:2      | Reached skill level 1 in Dodging
  2773 | D:3      | Reached XP level 5. HP: 46/46 MP: 5/5
  2810 | D:3      | Noticed Robin
  2842 | D:3      | Slain by a goblin

Illustrated notes

Levels and vault maps discovered:
D:1:      co_arrival_square_in_a_square_in_a_square, layout_basic,
          chequers_ecumenical_altar_island
D:2:      layout_loops_ring, kennysheep_doodads
D:3:      layout_loops_ring, uniq_robin, uniq_natasha

Skill      XL: |  1  2  3  4 |
---------------+-------------+-----
Invocations    | 1 2 |  2.4
Armour         | 3 |  3.1
Fighting       | 4 |  4.2
Shields        | 3 |  3.2
Dodging        | 1 |  1.2
Unarmed Combat | |  2.1

Action                   |  1- 3 |  4- 6 || total
-------------------------+-------+-------++-------
Melee: Unarmed           |   120 |   143 ||   263
Invok: Lunge             |     3 |     8 ||    11
       Whirlwind         |     1 |     2 ||     3
Armor: Scale mail        |    53 |    56 ||   109
Dodge: Dodged            |    58 |    57 ||   115
Block: Buckler           |    19 |    23 ||    42

Table legend: (Time is in decaauts)
 A = Elapsed time spent in this place.
 B = Non-inter-level travel time spent in this place.
 C = Inter-level travel time spent in this place.
 D = Time resting spent in this place.
 E = Time spent auto-exploring this place.
 F = Levels seen in this place.
 G = Mean time per level.
                   A        B        C        D        E       F      G
               +--------+--------+--------+--------+--------+-----+--------+
         Total |   2849 |   2819 |     30 |      0 |   2403 |   3 |  949.7 |
       Dungeon |   2849 |   2819 |     30 |      0 |   2403 |   3 |  949.7 |
               +--------+--------+--------+--------+--------+-----+--------+

Top non-repeatable levels by time:
     D:1: 1351 daAuts
     D:2: 998 daAuts
     D:3: 498 daAuts
